 Dungeon Crawl Stone Soup version 0.14-a0-1036-g6cac21b (webtiles) character file.

1842 4tharraofdagon the Chopper (level 8, -16/68 HPs)
             Began as a Djinni Gladiator on Nov 24, 2013.
             Was a Believer of Makhleb.
             Demolished by a komodo dragon (17 damage)
             ... on Level 2 of the Lair of Beasts.
             The game lasted 00:24:24 (2961 turns).

4tharraofdagon the Chopper (Djinni Gladiator)       Turns: 2961, Time: 00:24:25

HP -16/68        AC 16     Str 17      XL: 8   Next: 77%
MP   0/0         EV  4     Int  6      God: Makhleb [**....]
Gold 97          SH  0     Dex 14      Spells:  0 memorised,  7 levels left

Res.Fire  : + + +   See Invis. : .   u - +1 orc war axe
Res.Cold  : x . .   Warding    : .   e - +0 plate armour
Life Prot.: + + +   Conserve   : .   (no shield)
Res.Poison: .       Res.Corr.  : .   c - +0 helmet
Res.Elec. : .       Clarity    : .   t - +0 cloak
Sust.Abil.: . .     Spirit.Shd : .   l - +0 pair of orc gauntlets
Res.Mut.  : .       Stasis     : .   (boots unavailable)
Res.Rott. : .       Flight     : +   (no amulet)
Saprovore : . . .                    v - cursed -3 ring of intelligence
                                     h - ring of protection from magic

@: non-regenerating, flying, badly diseased, quite resistant to hostile
enchantments, extremely unstealthy
A: fire immunity, cold vulnerability, life protection 3
a: Minor Destruction, Renounce Religion


You were on level 2 of the Lair of Beasts.
You worshipped Makhleb.
Makhleb was pleased with you.
You were not hungry.

You visited 3 branches of the dungeon, and saw 12 of its levels.

You collected 238 gold pieces.
You spent 141 gold pieces at shops.

Inventory:

Hand weapons
 a - a +0,+0 hand axe
 s - a +0,+0 war axe
 u - a +1,+1 orcish war axe (weapon)
 G - a +0,+1 dwarven hand axe
Missiles
 g - a poisoned dart (quivered)
 j - 7 darts
 x - 2 throwing nets [frayed]
 y - 3 tomahawks of returning
Armour
 b - a +0 leather armour
 c - a +0 helmet (worn)
 e - a +0 plate armour (worn)
 i - a +0 pair of gloves
 l - a +0 pair of orcish gauntlets (worn)
 t - a +0 cloak (worn)
Magical devices
 w - a wand of random effects (0)
 J - a wand of magic darts (6)
Scrolls
 d - a scroll of remove curse
 r - a scroll of enchant armour {unknown}
 C - a scroll of enchant weapon I
 D - a scroll of immolation
 E - a scroll of fog
 I - a scroll of identify
 K - a scroll of noise {unknown}
Jewellery
 h - a ring of protection from magic (left hand)
 k - an uncursed amulet of inaccuracy
 v - a cursed -3 ring of intelligence (right hand)
Potions
 m - a potion of beneficial mutation
 p - 2 potions of brilliance
 q - a potion of restore abilities
 z - a potion of berserk rage
 H - a potion of confusion
Books
 A - a book of Power

   Spells                             Type                      Level
   Iskenderun's Mystic Blast          Conjuration                  4
   Venom Bolt                         Conjuration/Poison           5
   Bolt of Magma                      Conjuration/Fire/Earth       5
   Fulminant Prism                    Conjuration/Hexes            5
   Iron Shot                          Conjuration/Earth            6
   Orb of Destruction                 Conjuration                  7
Magical staves
 o - an uncursed staff of air


   Skills:
 + Level 5.1 Fighting
 * Level 7.0 Axes
 - Level 1.7 Throwing
 + Level 5.4 Armour
 - Level 2.6 Dodging
 + Level 5.3 Evocations


You had 7 spell levels left.
You didn't know any spells.

Dungeon Overview and Level Annotations

Branches:
Dungeon (9/16)             Temple (1/1) D:5            Lair (2/8) D:8
    Orc: D:9-12

Altars:
Ashenzari
Cheibriados
Elyvilon
Fedhas
Kikubaaqudgha
Makhleb
Nemelex Xobeh
Okawaru
Sif Muna
Trog
Vehumet
Xom
Yredelemnul
Zin
the Shining One

Shops:
D:5 +   D:7 *

Annotations:
D:4 Zurvan's ghost, average MiFi
D:5 Dowan
D:8 Maurice
Lair:2 Fannar


Innate Abilities, Weirdness & Mutations

You are immune to all types of fire, even holy and hellish.
You are vulnerable to cold.
You need no food.
You have no legs.
You are immune to negative energy.


Message History

You feel ill. The crocodile bites you.
* * * LOW HITPOINT WARNING * * *
Unknown command.
Unknown command.
Unknown command.
Drink which item? (? for menu, Esc to quit)
Okay, then.
You hit Fannar but do no damage.
Fannar is almost dead.
The komodo dragon bites you!
* * * LOW HITPOINT WARNING * * *
You feel ill. Fannar hits you but does no damage. The crocodile bites you.
* * * LOW HITPOINT WARNING * * *
Unknown command.
Unknown command.
Unknown command.
You closely miss Fannar.
Fannar is almost dead.
The komodo dragon bites you!
You die...

### ###..
...# ###.####
#..%##..<.#e#
..........l@#
#...#......t#
...........#
...........#
...........#
...>."....#
.........#
........#
....##


You could see Fannar (inner flame), a komodo dragon and a crocodile.

Vanquished Creatures
  Grinder (D:3)
  A yak (Lair:1)
  2 hippogriffs
  A phantom (D:5)
  A giant slug (Lair:1)
  A giant frog (D:7)
  An ogre (D:5)
  A killer bee (D:7)
  3 goliath beetles (D:7)
  A crimson imp (D:7)
  A yellow wasp zombie (D:5)
  2 hounds
  4 worker ants
  2 orange rats
  2 iguanas (Lair:1)
  3 orc wizards (D:5)
  2 scorpions
  A crocodile zombie (D:5)
  2 gnolls (D:6)
  A green rat (Lair:1)
  2 adders
  A giant eyeball (D:7)
  10 orcs
  3 giant cockroaches
  7 goblins
  4 hobgoblins
  6 jackals
  11 kobolds
  An ooze (D:6)
  7 quokkas
  6 bats
  8 giant geckos
  An orc zombie (D:5)
  7 rats
107 creatures vanquished.

Vanquished Creatures (others)
  Joseph (D:8)
  An ice beast (Lair:2)
  A rat (D:8)
3 creatures vanquished.

Grand Total: 110 creatures vanquished

Notes
Turn   | Place    | Note
--------------------------------------------------------------
     0 | D:1      | 4tharraofdagon, the Djinni Gladiator, began the quest for the Orb.
     0 | D:1      | Reached XP level 1. HP: 15/15 MP: 0/0
    59 | D:1      | Reached XP level 2. EP: 15/21
   125 | D:1      | Reached skill level 1 in Armour
   422 | D:3      | Reached skill level 3 in Axes
   441 | D:3      | Noticed Grinder
   493 | D:4      | Reached XP level 3. EP: 25/27
   624 | D:3      | Reached XP level 4. EP: 23/34
   899 | D:3      | Killed Grinder
   899 | D:3      | Reached skill level 4 in Axes
   899 | D:3      | Reached XP level 5. EP: 38/41
   899 | D:3      | Reached XP level 6. EP: 45/49
   960 | D:4      | Noticed Zurvan's ghost (average MiFi)
  1014 | D:5      | Entered Level 5 of the Dungeon
  1017 | D:4      | Noticed a phantom
  1038 | D:6      | Found a blossoming altar of Fedhas.
  1167 | D:5      | Found an ancient bone altar of Kikubaaqudgha.
  1206 | D:5      | Noticed a hippogriff
  1217 | D:5      | Killed a hippogriff
  1217 | D:5      | Reached skill level 5 in Axes
  1217 | D:5      | Reached XP level 7. EP: 54/56
  1426 | D:5      | Noticed Dowan
  1450 | D:5      | Found Plog's Book Shoppe.
  1493 | D:5      | Found a staircase to the Ecumenical Temple.
  1499 | Temple   | Entered the Ecumenical Temple
  1537 | Temple   | Became a worshipper of Makhleb the Destroyer
  1592 | D:5      | Killed a phantom
  1765 | D:7      | Paralysed by a giant eyeball for 3 turns
  1771 | D:7      | Paralysed by a giant eyeball for 3 turns
  1919 | D:8      | Noticed Joseph
  1937 | D:8      | Killed Joseph
  1937 | D:8      | Reached XP level 8. EP: 34/66
  1938 | D:8      | Noticed an elephant
  1939 | D:8      | Noticed an elephant
  1940 | D:8      | Noticed an elephant
  1960 | D:8      | Found a staircase to the Lair.
  1990 | D:9      | :(
  1998 | D:7      | Reached skill level 6 in Axes
  2001 | D:7      | Acquired Makhleb's first power
  2008 | D:7      | Found Jimoj's Assorted Antiques.
  2039 | D:7      | Bought a scroll of remove curse for 72 gold pieces
  2040 | D:7      | Bought a pink potion for 21 gold pieces
  2040 | D:7      | Bought a scroll of fog for 48 gold pieces
  2504 | D:8      | Noticed Maurice
  2529 | Lair:1   | Entered Level 1 of the Lair of Beasts
  2684 | Lair:1   | Reached skill level 5 in Fighting
  2684 | Lair:1   | Reached skill level 5 in Armour
  2718 | Lair:1   | Acquired Makhleb's second power
  2718 | Lair:1   | Reached skill level 5 in Evocations
  2788 | Lair:1   | archaeo: lol
  2802 | Lair:1   | archaeo: I love the scroll wielding method
  2806 | Lair:1   | 4tharraofdagon: i invented it :D
  2811 | Lair:1   | Reached skill level 7 in Axes
  2855 | Lair:1   | archaeo: "I'm going to wave these scrolls in front of my face until I heal"
  2864 | Lair:1   | archaeo: lol
  2941 | Lair:2   | Noticed Fannar
  2952 | Lair:2   | Noticed a komodo dragon
  2952 | Lair:2   | archaeo: can Dj quaff beneficial mutation?
  2960 | Lair:2   | 4tharraofdagon: yep
  2960 | Lair:2   | HP: 1/68 [crocodile (5)]
  2961 | Lair:2   | Demolished by a komodo dragon

Action                   |  1- 3 |  4- 6 |  7- 9 || total
-------------------------+-------+-------+-------++-------
Melee: Hand axe          |   133 |    74 |       ||   207
       War axe           |       |    29 |   320 ||   349
Throw: Throwing net      |     2 |     2 |     4 ||     8
       Dart              |       |       |     3 ||     3
Evoke: Wand              |     1 |    14 |    16 ||    31
  Use: Scroll            |     5 |       |    13 ||    18
       Potion            |       |     1 |     7 ||     8
